AoeStats
← bvh-*****

Black Forest

509059216Analyzed
2v2 RM · 6d ago on Sep 25, 2026· 44m 9s· 4 players
Game mode
Random Map
Map size
Medium (4 player)
Population
200
Speed
Normal
Resources
Standard
Victory
Conquest
Starting age
Dark Age
Ending age
Imperial Age
RankedLock teamsTeams togetherTeam positionsShared explorationLock speedFull tech treeHidden civsTurbo modeCheats
Victory
Defeat
🇮🇳 Turks · India
732
+17
🇳🇱 Burgundians · Netherlands
703
+18
🇷🇺 Bohemians · Russia
879
-22
🇮🇹 Celts · Italy
633
-13
bvh-*****
0:31 Loom
14:30 Feudal Age
19:17 Castle Age
17:52 Double-Bit Axe
19:47 Horse Collar
20:45 Heavy Plow
31:05 Imperial Age
33:17 Wheelbarrow
32:27 Town Watch
34:27 Cavalier
35:19 Caravan
36:17 Onager
38:31 Chemistry
38:13 Paladin
39:09 Forging
38:59 Scale Mail Armor
39:05 Scale Barding Armor
39:00 Padded Archer Armor
38:51 Fletching
39:20 Treadmill Crane
42:48 Iron Casting
42:34 Chain Barding Armor
43:22 Ballistics
devil
0:57 Loom
12:34 Feudal Age
15:45 Town Watch
18:18 Castle Age
16:59 Double-Bit Axe
17:06 Horse Collar
21:19 Town Watch
29:57 Imperial Age
27:52 Heavy Plow
28:21 Bloodlines
29:53 Wheelbarrow
30:21 Bow Saw
30:05 Gold Mining
30:08 Stone Mining
30:22 Caravan
31:27 Husbandry
33:30 Forging
33:21 Padded Archer Armor
33:27 Scale Barding Armor
37:39 Artillery
40:55 Ballistics
40:16 Treadmill Crane
41:54 Iron Casting
SirPresident765
0:34 Loom
18:00 Feudal Age
18:27 Double-Bit Axe
18:26 Horse Collar
19:52 Town Watch
20:47 Wheelbarrow
19:58 Town Watch
29:03 Castle Age
29:12 Gold Mining
29:13 Stone Mining
29:20 Fletching
29:41 Forging
30:19 Caravan
31:40 Hand Cart
32:37 Bow Saw
34:07 Town Patrol
33:32 Crossbowman
35:33 Fortified Wall
35:14 Guard Tower
35:46 Ballistics
39:17 Imperial Age
39:05 Bodkin Arrow
39:46 Iron Casting
39:12 Padded Archer Armor
39:12 Scale Mail Armor
39:18 Scale Barding Armor
39:11 Pikeman
39:36 Arson
40:06 Masonry
40:29 Cavalier
41:10 Husbandry
40:47 Halberdier
X-you
0:31 Loom
12:01 Feudal Age
12:28 Double-Bit Axe
12:24 Horse Collar
13:42 Wheelbarrow
20:31 Castle Age
21:31 Hand Cart
21:28 Bow Saw
31:09 Imperial Age
29:45 Padded Archer Armor
29:36 Fletching
30:32 Wagenburg Tactics
30:49 Leather Archer Armor
31:01 Ballistics
32:18 Chemistry
32:56 Fortified Wall
33:01 Pikeman
33:43 Squires
34:29 Bodkin Arrow
35:04 Ring Archer Armor
36:09 Halberdier
36:56 Houfnice
38:53 Conscription
39:11 Caravan
40:01 Elite Hussite Wagon
40:50 Bracer
40:50 Scale Mail Armor
41:01 Forging
Connection lost

Rejoining the realm…

Still unreachable

The connection could not be restored.

Session expired

The server has moved on; the page needs a fresh start.